 Dungeon Crawl Stone Soup version 0.20-a0-492-g6327889 (webtiles) character file.

67 Klosterheim the Gusty (level 4, 0/42 HPs)
             Began as a Naga Air Elementalist on Jan 15, 2017.
             Slain by Crazy Yiuf
             ... wielding a +4 quarterstaff of chaos
              (3 damage)
             ... on level 2 of the Dungeon.
             The game lasted 00:06:05 (1992 turns).

Klosterheim the Gusty (Naga Air Elementalist)       Turns: 1992, Time: 00:06:07

Health: 0/42       AC: 10    Str: 11    XL:     4   Next: 18%
Magic:  7/7        EV:  6    Int: 16    God:
Gold:   91         SH:  0    Dex: 15    Spells: 6/7 levels left

rFire    . . .     SeeInvis +   m - +0 war axe
rCold    . . .     Gourm    +   j - +0 scale mail
rNeg     . . .     Faith    .   (no shield)
rPois    +         Spirit   .   (no helmet)
rElec    .         Reflect  .   (no cloak)
rCorr    .         Harm     .   (no gloves)
MR       .....                  (no barding)
Stlth    +.........             r - amulet of the gourmand
Regen    0.1/turn               h - +4 ring of dexterity
                                g - +6 ring of protection (curse)

@: slowed, drained, very slow
A: see invisible, deformed body, poison resistance, slowness 2, slow metabolism
1, spit poison 1, AC +1
a: Spit Poison


You were on level 2 of the Dungeon.
You were not hungry.

You visited 1 branch of the dungeon, and saw 2 of its levels.

You collected 91 gold pieces.

Inventory:

Hand Weapons
 m - a +0 war axe (weapon)
Armour
 a - a +0 robe
 j - a +0 scale mail (worn)
Jewellery
 g - a cursed +6 ring of protection (left hand)
 h - a +4 ring of dexterity (right hand)
 p - a +3 ring of dexterity
 r - an amulet of the gourmand (around neck)
Scrolls
 f - a scroll of identify {unknown}
 i - 2 scrolls of remove curse {unknown}
 o - a scroll of fear {unknown}
 q - a scroll of noise {unknown}
Potions
 e - 2 potions of degeneration {unknown}
 k - a potion of mutation {unknown}
 l - a potion of curing {unknown}
Books
 b - a book of Air

   Spells                             Type                      Level
   a - Shock                          Conjuration/Air              1
   b - Swiftness                      Charms/Air                   2
   c - Repel Missiles                 Charms/Air                   2
   d - Static Discharge               Conjuration/Air              3
   e - Lightning Bolt                 Conjuration/Air              5
 t - a book of Cantrips

   Spells                             Type                      Level
   a - Confusing Touch                Hexes                        1
   b - Animate Skeleton               Necromancy                   1
   c - Summon Small Mammal            Summoning                    1
   d - Apportation                    Translocation                1
Comestibles
 c - 2 bread rations
 d - a royal jelly
 n - a meat ration
 s - a slice of pizza


   Skills:
 - Level 3.0(2.7) Fighting
 * Level 1.4(1.1) Axes
 - Level 1.5(1.2) Dodging
 - Level 3.0(2.7) Stealth
 - Level 2.0(1.7) Spellcasting
 - Level 1.0(0.7) Conjurations
 - Level 3.1(2.8) Air Magic


You had 6 spell levels left.
You knew the following spells:

 Your Spells              Type           Power        Failure   Level  Hunger
a - Shock                 Conj/Air       #...         73%         1    ##.....


Dungeon Overview and Level Annotations

Branches:
Dungeon (2/15)

Altars:
Sif Muna

Annotations:
D:2 Crazy Yiuf


Innate Abilities, Weirdness & Mutations

You cannot wear boots.
Your serpentine skin is tough. (AC +1)
You have supernaturally acute eyesight. (SInv)
Armour fits poorly on your strangely shaped body.
Your system is resistant to poisons. (rPois)
You cover ground very slowly.
You have a slow metabolism.
You can spit poison.


Message History

Crazy Yiuf is heavily wounded.
Crazy Yiuf hits you with a quarterstaff of chaos!
Crazy Yiuf hits you but does no damage.
You feel yourself slow down.
You hit Crazy Yiuf.
Crazy Yiuf is severely wounded.
Crazy Yiuf hits you with a quarterstaff of chaos!
You feel drained. Crazy Yiuf barely misses you.
Your scale mail prevents you from hitting Crazy Yiuf.
Crazy Yiuf is severely wounded.
Crazy Yiuf screams, "Pitchfork!"
Crazy Yiuf hits you but does no damage.
Crazy Yiuf hits you with a quarterstaff of chaos.
* * * LOW HITPOINT WARNING * * *
You hit Crazy Yiuf but do no damage.
Crazy Yiuf is severely wounded.
Crazy Yiuf cries, "Mugger infinity ragdoll!"
Crazy Yiuf hits you with a quarterstaff of chaos.
* * * LOW HITPOINT WARNING * * *
Crazy Yiuf burns you.
You die...

..##.......#####..####.....##.#
...........# #....# #.....##.#
....#.))...# ♣P.P.♣ #.....##.#
....#......# ♣♣.P.♣ #[..####.#
.........#.# ♣♣.♣♣ #...# #.#
.........### ♣♣.♣ #...# #.#
.........### ♣.♣♣ #...# #.#
###........# ♣♣.♣ #...# #.# #
#...#....# ♣@♣♣ #...# #.# #
###.#....# #g# ##### #.# #
#..###.# ... ########.#
####...+.# #...# #........#
#..)..##.# #)..# #.......##
###...#.##.# ##### #.......#
.........#.# #.......#
...........###########.......#
...................##....^...#


You could see Crazy Yiuf.

Vanquished Creatures
  3 worms
  4 dart slugs
  4 leopard geckos
  2 giant cockroaches
  9 goblins
  2 hobgoblins (D:2)
  3 jackals (D:2)
  2 quokkas (D:2)
  4 bats (D:1)
  4 frilled lizards
  9 kobolds
  A rat (D:1)
47 creatures vanquished.

Notes
Turn   | Place    | Note
-------+----------+-------------------------------------------
     0 | D:1      | Klosterheim the Naga Air Elementalist began the quest for the Orb.
     0 | D:1      | Reached XP level 1. HP: 15/15 MP: 3/3
    87 | D:1      | Reached skill level 1 in Fighting
    87 | D:1      | Reached XP level 2. HP: 11/25 MP: 0/5
   900 | D:1      | Reached XP level 3. HP: 32/32 MP: 6/6
  1262 | D:2      | Found a runed door.
  1335 | D:2      | Found a deep blue altar of Sif Muna.
  1742 | D:2      | Reached skill level 1 in Axes
  1742 | D:2      | Reached XP level 4. HP: 40/42 MP: 7/7
  1983 | D:2      | Noticed Crazy Yiuf
  1992 | D:2      | Slain by Crazy Yiuf

Vault maps used:
D:1:      minmay_arrival_stair_chambers
D:2:      overflow_temple_1_default, uniq_crazy_yiuf_cottage

Skill      XL: |  1  2  3 |
---------------+----------+-----
Fighting       | 1 2 3 |  3.0
Axes           | 1 |  1.4
Dodging        | |  1.5
Stealth        | |  3.0
Spellcasting   | |  2.0
Conjurations   | |  1.0
Air Magic      | |  3.1

Action                   |  1- 3 |  4- 6 || total
-------------------------+-------+-------++-------
Melee: Unarmed           |     9 |       ||     9
       Short sword       |    27 |       ||    27
       Dagger            |     3 |       ||     3
       War axe           |    49 |    33 ||    82
 Cast: Shock             |    23 |       ||    23
  Eat: Chunk             |     2 |     8 ||    10
Armor: Robe              |     4 |       ||     4
       Scale mail        |    52 |    25 ||    77
Dodge: Dodged            |    53 |     9 ||    62
